Map: [ESL] Goldenaura

Players

Creator - Winner!

  • Race: Protoss Protoss
  • Spawn Location: 5:00

Ryung

  • Race: Terran Terran
  • Spawn Location: 12:00

Event: ESL Spring 2024 Finals

VOD

Have the link to the VOD?

Description

Time

  • Played on: May 31, 2024, 2:44 p.m.
  • Length: 10:34

All games in this series

Show
View Real Time Build Order
Export as new Build Order

Creator Protoss - Winner!

Build Orders: 1 Gate Expand, Blink Stalkers 

Get SALT Encoding   

  12  0:00  Probe  
  13  0:12  Probe  
  14  0:17  Pylon  
  14  0:24  Probe (Chrono Boost)  
  15  0:36  Probe (Chrono Boost)  
  15  0:39  Gateway  
  16  0:45  Probe (Chrono Boost)  
  16  0:46  Assimilator  
  17  0:51  Probe  
  18  1:03  Probe  
  19  1:15  Probe  
  20  1:27  Cybernetics Core  
  20  1:33  Nexus  
  20  1:40  Pylon  
  20  1:43  Probe  
  21  1:49  Assimilator  
  21  1:55  Probe  
  22  2:01  Adept (Chrono Boost)  
  22  2:04  Warp Gate  
  22  2:07  Probe  
  24  2:19  Probe  
  24  2:21  Adept (Chrono Boost)  
  27  2:31  Twilight Council  
  27  2:32  Probe  
  29  2:44  Stalker  
  29  2:46  Probe (Chrono Boost)  
  29  2:49  Probe (Chrono Boost)  
  32  2:55  Probe (Chrono Boost)  
  32  2:58  Probe (Chrono Boost)  
  34  3:00  Probe (Chrono Boost)  
  34  3:04  Blink (Chrono Boost)  
  35  3:08  Probe  
  35  3:12  Probe  
  37  3:16  Gateway  
  37  3:23  Probe  
  37  3:24  Probe  
  37  3:26  Shield Battery  
  39  3:30  Gateway  
  39  3:36  Probe x2  
  39  3:40  Robotics Facility  
  41  3:46  Pylon  
  42  3:48  Probe x2  
  42  3:53  Stalker  
  45  3:59  Pylon  
  45  4:10  Stalker  
  47  4:18  Stalker  
  47  4:20  Probe x2  
  49  4:27  Warp Prism (Chrono Boost)  
  50  4:33  Probe x2  
  52  4:39  Gateway  
  52  4:41  Stalker x2  
  56  4:46  Stalker  
  56  4:51  Assimilator  
  58  4:54  Shield Battery, Observer (Chrono Boost)  
  58  4:56  Pylon  
  58  4:58  Probe  
  60  5:12  Pylon  
  60  5:16  Stalker x3  
  64  5:30  Observer  
  65  5:40  Shield Battery  
  65  5:42  Stalker x2, Probe x2  
  71  5:45  Stalker x2  
  74  5:54  Pylon  
  74  5:55  Shield Battery  
  74  6:08  Probe x2  
  74  6:10  Nexus  
  76  6:11  Pylon  
  76  6:16  Charge  
  76  6:21  Probe x2  
  76  6:31  Stalker  
  78  6:33  Probe x2  
  78  6:35  Gateway, Shield Battery  
  78  6:37  Gateway  
  78  6:39  Gateway, Observer  
  80  6:44  Stalker  
  80  6:45  Probe x2  
  85  6:57  Probe, Pylon  
  85  6:58  Probe  
  85  6:59  Sentry  
  85  7:00  Zealot x2  
  93  7:12  Probe  
  95  7:15  Probe, Pylon  
  95  7:17  Pylon  
  95  7:20  Gateway  
  95  7:24  Zealot  
  95  7:25  Zealot x2, Probe  
  95  7:28  Probe x2  
  104  7:34  Templar Archives  
  104  7:35  Zealot  
  104  7:36  Zealot  
  108  7:44  Zealot x2  
  108  7:50  Zealot x3  
  118  7:54  Observer  
  118  7:57  Zealot x2  
  120  8:02  Gateway  
  120  8:05  Zealot x2  
  122  8:13  Stalker x2  
  122  8:14  Stalker x3  
  116  8:24  Zealot x3  
  98  8:38  Zealot x5  
  108  8:47  Probe x2  
  108  8:48  Probe, Psionic Storm  
  104  8:49  Stalker x2  
  105  8:59  Probe  
  105  9:00  Probe  
  107  9:03  High Templar x2  
  107  9:04  Zealot x3  
  107  9:06  Assimilator  
  107  9:07  Pylon  
  117  9:21  Zealot x3  
  117  9:22  Zealot  
  125  9:24  Forge  
  125  9:27  Pylon  
  125  9:30  Immortal  
  126  9:32  Stalker x3  
  132  9:39  Stalker  
  132  9:41  Zealot  
  115  9:54  Stalker x3, Zealot  
  115  9:55  Zealot  
  115  9:59  Stalker  
  115  10:00  Observer  
  115  10:06  Zealot x3  
  116  10:09  Observer  
  115  10:16  Stalker  
  115  10:17  Probe  
  115  10:18  Probe x2  
  118  10:22  Stalker  
  118  10:30  Archon  
  118  10:32  Zealot x6  
  118  10:33  Zealot  
Show
View Real Time Build Order
Export as new Build Order

Ryung Terran 

Build Orders: Banshee Rush 

Get SALT Encoding   

  12  0:00  SCV  
  13  0:12  SCV  
  14  0:16  Supply Depot  
  14  0:24  SCV  
  15  0:38  SCV, Barracks  
  16  0:43  Refinery  
  16  0:50  SCV  
  16  0:54  Refinery  
  17  1:02  SCV  
  18  1:14  SCV  
  19  1:18  Supply Depot  
  19  1:26  Reaper  
  19  1:29  Orbital Command  
  20  1:44  Factory  
  20  1:54  SCV  
  20  1:58  Barracks Reactor  
  21  2:06  SCV  
  22  2:18  SCV  
  23  2:23  Command Center  
  23  2:30  SCV  
  23  2:34  Starport  
  24  2:39  Supply Depot  
  24  2:43  Widow Mine  
  26  2:46  SCV  
  26  2:51  Marine x2  
  27  2:58  SCV  
  30  3:04  Widow Mine  
  32  3:11  SCV, Marine x2  
  35  3:13  Medivac  
  37  3:23  SCV  
  37  3:25  Factory Tech Lab  
  38  3:35  SCV  
  38  3:36  Orbital Command  
  39  3:42  Refinery  
  39  3:47  SCV  
  40  3:49  Factory Tech Lab  
  40  3:50  Cloaking Field, Banshee  
  40  3:53  Marine x2  
  45  3:59  SCV  
  45  4:01  Supply Depot  
  45  4:02  SCV  
  47  4:11  SCV  
  47  4:13  Siege Tank  
  47  4:14  SCV  
  52  4:22  Marine x2  
  52  4:23  SCV  
  53  4:27  SCV  
  53  4:28  Supply Depot  
  54  4:34  Banshee  
  54  4:35  SCV  
  56  4:39  SCV  
  56  4:40  Marine x2  
  59  4:48  SCV  
  59  4:50  Siege Tank  
  62  4:53  Supply Depot, Barracks  
  62  4:54  SCV  
  62  4:59  Marine  
  64  5:00  Supply Depot, Marine  
  64  5:05  SCV  
  64  5:06  SCV  
  67  5:15  Supply Depot  
  67  5:16  Supply Depot, Banshee  
  67  5:17  SCV  
  71  5:22  Siege Tank  
  74  5:30  SCV x2  
  74  5:32  Marine x2  
  74  5:39  Barracks  
  74  5:41  Bunker  
  74  5:42  SCV x2  
  75  5:52  Engineering Bay  
  75  5:54  SCV x2  
  75  5:56  Supply Depot  
  77  5:58  Siege Tank  
  80  6:07  Barracks Tech Lab, SCV x2  
  80  6:09  Marine  
  80  6:10  Marine  
  79  6:19  Starport Reactor, Command Center  
  79  6:21  Refinery  
  79  6:28  Stimpack  
  79  6:30  Bunker  
  79  6:35  SCV x2  
  79  6:36  Terran Infantry Weapons Level 1, Marine x3  
  79  6:37  Factory Reactor  
  79  6:38  Marine  
  85  6:41  Combat Shield  
  85  6:53  SCV, Marine  
  85  6:54  SCV  
  87  6:57  Medivac  
  87  6:59  Medivac  
  91  7:03  Barracks  
  91  7:04  Barracks  
  91  7:07  Missile Turret  
  91  7:09  SCV x2  
  91  7:15  Widow Mine x2  
  97  7:16  Marauder x2  
  97  7:17  Marine  
  97  7:19  Marine  
  103  7:29  Supply Depot  
  103  7:31  Supply Depot  
  103  7:35  Medivac x2  
  103  7:36  Widow Mine x2  
  111  7:40  Marine x2  
  111  7:41  Marauder x2  
  115  7:48  SCV x2  
  114  7:54  Barracks Tech Lab, Barracks Reactor  
  113  8:00  SCV x2  
  113  8:04  Orbital Command  
  115  8:06  Marine x2, Marauder x2  
  115  8:09  Viking x2  
  115  8:12  Supply Depot  
  125  8:15  Widow Mine x2  
  125  8:17  Marine  
  113  8:23  Marine  
  113  8:24  Marine  
  101  8:27  Marauder x2  
  101  8:34  SCV x2  
  95  8:35  Marine, Marauder  
  95  8:39  Widow Mine x2  
  95  8:40  Medivac  
  93  8:41  Marine  
  93  8:42  Marine  
  93  8:43  Orbital Command  
  92  8:49  Marauder x2  
  92  8:50  Medivac  
  92  8:53  Marine  
  92  8:54  Marine  
  100  9:01  Widow Mine x2  
  104  9:08  Marine x3  
  107  9:10  Medivac  
  105  9:18  Marauder  
  105  9:19  Marine, Medivac  
  105  9:22  Orbital Command  
  110  9:30  Marine  
  110  9:31  Marine x2  
  111  9:37  Marauder x2  
  114  9:42  Medivac  
  114  9:45  Marine  
  113  9:46  Marauder  
  103  9:53  Marine x2  
  103  9:54  Marine  
  103  9:58  Marauder  
  103  9:59  Marauder  
  92  10:03  Marine  
  86  10:07  Marauder  
  86  10:10  Marine  
  86  10:11  Marine  
  86  10:12  Marine  
Tags
 
Add a new tag
Caveats
  • Supply blocks, unpowered buildings, or Contaminate may cause inaccurate times.
  • Supply counts are checked every 10 seconds.